 Dungeon Crawl Stone Soup version 0.13.1-28-g3517093 (console) character file.

681 Magician the Poker (level 7, 0/56 HPs)
             Began as a Merfolk Berserker on Mar 6, 2014.
             Was a Believer of Trog.
             Slain by Sigmund
             ... wielding a +0,+0 scythe
              (2 damage)
             ... on Level 5 of the Dungeon.
             The game lasted 00:08:16 (1136 turns).

Magician the Poker (Merfolk Berserker)              Turns: 1136, Time: 00:08:16

HP   0/56        AC  9     Str 17      XL: 7   Next: 46%
MP   6/6         EV  6     Int  7      God: Trog [**....]
Gold 58          SH  0     Dex 15      Spells:  0 memorised,  6 levels left

Res.Fire  : . . .   See Invis. : .   a - +0,-1 spear {=f}
Res.Cold  : . . .   Warding    : .   h - +0 chain mail
Life Prot.: . . .   Conserve   : .   (no shield)
Res.Poison: .       Res.Corr.  : .   (no helmet)
Res.Elec. : .       Clarity    : .   (no cloak)
Sust.Abil.: . .     Spirit.Shd : .   (no gloves)
Res.Mut.  : .       Stasis     : .   (no boots)
Res.Rott. : .       Flight     : .   (no amulet)
Saprovore : . . .                    (no ring)
                                     (no ring)

@: regenerating, exhausted, slowed, very slow, very resistant to hostile
enchantments, extremely unstealthy
A: change form in water, swift swim, claws 1
a: Burn Spellbooks, Berserk, Trog's Hand, Renounce Religion


You were on level 5 of the Dungeon.
You worshipped Trog.
Trog was pleased with you.
You were not hungry.

You visited 2 branches of the dungeon, and saw 6 of its levels.

You collected 38 gold pieces.

Inventory:

Hand weapons
 a - a +0,-1 spear (weapon) {=f}
Armour
 b - a +0 animal skin
 h - a +0 chain mail (worn)
 l - a +0 helmet
 n - a +2 pair of elven gauntlets
Comestibles
 c - 4 bread rations
Scrolls
 g - a scroll of identify {unknown}
 j - a scroll of enchant weapon I {unknown}
 k - a scroll of blinking {unknown}
 p - a scroll of enchant weapon II {unknown}
 r - a scroll of curse weapon {unknown}
Jewellery
 e - an uncursed ring of wizardry {unknown}
Potions
 d - a potion of speed


   Skills:
 * Level 5.9 Fighting
 + Level 6.0 Polearms
 * Level 3.8 Armour
 + Level 4.8 Dodging


You had 6 spell levels left.
You didn't know any spells.

Dungeon Overview and Level Annotations

Branches:
Dungeon (5/27)             Temple (1/1) D:5

Altars:
Kikubaaqudgha
Nemelex Xobeh
Sif Muna
the Shining One

Annotations:
D:5 Sigmund


Innate Abilities, Weirdness & Mutations

You revert to your normal form in water.
You are very nimble and swift while swimming.
You have sharp fingernails.


Message History

Your chain mail prevents you from hitting it.
The bat hits you but does no damage. It hits you!
* * * LOW HITPOINT WARNING * * *
You hit it but do no damage. The bat hits you.
* * * LOW HITPOINT WARNING * * *
You closely miss it. The bat barely misses you.
The bat hits you but does no damage. It hits you but does no damage.
The phantom blinks!
The phantom hits you.
* * * LOW HITPOINT WARNING * * *
You barely miss it. The bat barely misses you. The bat hits you.
* * * LOW HITPOINT WARNING * * *
You hear some strange, mumbled words.
A puff of flame appears from out of thin air!
The puff of flame hits you!
Your scroll labeled PESAZY GEEQ catches fire!
* * * LOW HITPOINT WARNING * * *
The phantom hits you.
* * * LOW HITPOINT WARNING * * *
You miss it. The bat hits you but does no damage. It hits you.
You die...

#....# #....# #####
#....######## #...#
..)..#......####...##
.....#..............#
.....#..{...####....#
........g{..........#
.#.######g########..###
##.....##.# #..@.%...#
#......##.####..p.b...#
......................#
......................##
.#.....#.....#..........
.#.###.#.###.#........###
.#.....#.....#........#
....#.....#.....#.....#
###.#.###.#.###.#....##


You could see a phantom and a bat.

Vanquished Creatures
  A hippogriff (D:5)
  A phantom (D:4)
  A giant frog (D:5)
  A jelly (D:5)
  A quasit (D:5)
  An iguana (D:5)
  An orc wizard (D:4)
  4 worker ants
  Ijyb (D:4)
  2 ogre skeletons
  2 gnolls (D:5)
  A worm (D:5)
  An adder zombie (D:5)
  3 giant geckos (D:5)
  2 orcs (D:4)
  6 bats
  A giant cockroach (D:4)
  4 goblins
  2 hobgoblins
  3 jackals (D:3)
  A quokka (D:4)
  3 giant newts
  A hobgoblin zombie (D:5)
  A kobold (D:3)
45 creatures vanquished.

Notes
Turn   | Place    | Note
--------------------------------------------------------------
     0 | D:1      | Magician, the Merfolk Berserker, began the quest for the Orb.
     0 | D:1      | Reached XP level 1. HP: 18/18 MP: 0/0
   171 | D:2      | Reached XP level 2. HP: 24/24 MP: 1/1
   266 | D:4      | Noticed a phantom
   289 | D:4      | Noticed Ijyb
   300 | D:4      | Killed Ijyb
   300 | D:4      | Reached XP level 3. HP: 30/30 MP: 2/2
   312 | D:4      | Killed a phantom
   312 | D:4      | Reached skill level 5 in Polearms
   312 | D:4      | Reached XP level 4. HP: 36/37 MP: 3/3
   345 | D:5      | Entered Level 5 of the Dungeon
   359 | D:5      | Noticed a giant frog
   361 | D:5      | Noticed a hippogriff
   371 | D:5      | Killed a giant frog
   371 | D:5      | Reached XP level 5. HP: 37/42 MP: 4/4
   390 | D:5      | Reached skill level 5 in Fighting
   390 | D:5      | Reached XP level 6. HP: 17/49 MP: 5/5
   538 | D:5      | Killed a hippogriff
   553 | D:5      | Acquired Trog's second power
   717 | D:4      | Reached XP level 7. HP: 29/55 MP: 6/6
   752 | D:4      | Reached skill level 6 in Polearms
   920 | D:5      | Found a staircase to the Ecumenical Temple.
   975 | Temple   | Entered the Ecumenical Temple
  1069 | D:5      | Noticed Sigmund
  1071 | D:5      | Noticed a phantom
  1081 | D:5      | Gained mutation: You have sharp fingernails. [potion of beneficial mutation]
  1135 | D:5      | HP: 1/56 [phantom (2)]
  1136 | D:5      | Slain by Sigmund

Action                   |  1- 3 |  4- 6 |  7- 9 || total
-------------------------+-------+-------+-------++-------
Melee: Spear             |    56 |    92 |   118 ||   266
Invok: Berserk           |     1 |     3 |     2 ||     6
       Trog's Hand       |       |     2 |     4 ||     6
  Use: Potion            |       |       |     4 ||     4
 Stab: Sleeping          |     1 |       |       ||     1
